[Event "Wch-U16"]
[Site "Al-Ain UAE"]
[Date "2013.12.21"]
[Round "4.19"]
[White "Wang, Richard"]
[Black "Daskalov, Dimitar"]
[Result "1-0"]
[ECO "E90"]
[WhiteElo "2362"]
[BlackElo "2156"]
[PlyCount "135"]
[GameId "2129404786108377"]
[EventDate "2013.12.18"]
[EventType "swiss"]
[EventRounds "11"]
[EventCountry "UAE"]
[SourceTitle "10 Days #385"]
[Source "Chess Mix"]
[TimeControl "6000+965"]
[WhiteClock "0:13:12"]
[BlackClock "0:10:37"]

1. d4 Nf6 2. Nf3 g6 3. c4 Bg7 4. Nc3 O-O 5. e4 d6 6. h3 e5 7. d5 a5 8. Bg5 h6 9. Be3 Na6 10. g4 Nc5 11. Nd2 Ne8 12. h4 f5 13. exf5 gxf5 14. g5 Qe7 15. Qh5 Qf7 16. g6 Qd7 17. Bxh6 Nf6 18. Qg5 Ng4 19. Bxg7 Kxg7 20. Be2 Nh6 21. O-O-O a4 22. f4 Qd8 23. Qxd8 Rxd8 24. h5 exf4 25. Rdf1 Re8 26. Rxf4 Bd7 27. Nf3 Re7 28. Nd4 Rae8 29. Kc2 Ne4 30. Nxe4 Rxe4 31. Rxe4 Rxe4 32. Kd3 Re5 33. Bf3 Ng8 34. Nb5 f4 35. Nd4 Kh6 36. Rg1 Kg7 37. Rh1 Kh6 38. Rh4 Kg5 39. Rh2 Kh6 40. Rg2 Bh3 41. Rg1 Bd7 42. Kd2 b6 43. Ne2 b5 44. cxb5 Bxb5 45. Nxf4 Rf5 46. Ke3 Re5+ 47. Kf2 Rf5 48. Ne6 Bc4 49. Nxc7 Bxa2 50. Ke3 Re5+ 51. Kf4 Bb3 52. Rg2 Bc4 53. Rc2 Bd3 54. Rc6 Re7 55. Ne6 Rb7 56. Rc8 Rb4+ 57. Kg3 Bxg6 58. hxg6 Ne7 59. g7 Nf5+ 60. Kh3 Nxg7 61. Rh8+ Kg6 62. Rg8 Rxb2 63. Rxg7+ Kf6 64. Ra7 Rb3 65. Kg4 a3 66. Kf4 Rb4+ 67. Be4 Rb3 68. Ng5 1-0

[Event "Wch-U16"]
[Site "Al-Ain UAE"]
[Date "2013.12.21"]
[Round "5.15"]
[White "Wu, Christopher"]
[Black "Wang, Richard"]
[Result "1/2-1/2"]
[ECO "B78"]
[WhiteElo "2198"]
[BlackElo "2362"]
[PlyCount "92"]
[GameId "2129404786108403"]
[EventDate "2013.12.18"]
[EventType "swiss"]
[EventRounds "11"]
[EventCountry "UAE"]
[SourceTitle "10 Days #385"]
[Source "Chess Mix"]
[TimeControl "6000+1135"]
[WhiteClock "0:25:09"]
[BlackClock "0:21:53"]

1. e4 c5 2. Nf3 g6 3. d4 cxd4 4. Nxd4 Bg7 5. Nc3 Nc6 6. Be3 Nf6 7. Bc4 O-O 8. Bb3 d6 9. f3 Bd7 10. Qd2 Rc8 11. h4 h5 12. O-O-O Ne5 13. Bg5 Rc5 14. Kb1 a5 15. Rhe1 b5 16. f4 b4 17. Nd5 Neg4 18. Bxf6 exf6 19. Ne3 a4 20. Bd5 f5 21. Nxg4 hxg4 22. Qxb4 Qxh4 23. c4 fxe4 24. Rxe4 Rfc8 25. a3 Qd8 26. Ka2 Rb8 27. Qd2 Bf6 28. Qe2 Qb6 29. Rd2 Kf8 30. Ka1 Rbc8 31. Rd1 R5c7 32. Qf2 Rb8 33. Rd2 Qc5 34. Ka2 Qb6 35. Ka1 g3 36. Qe2 Bf5 37. Nxf5 gxf5 38. Re3 Bd4 39. Rxg3 Re7 40. Qd1 Bxb2+ 41. Ka2 Bf6 42. Qc1 Re3 43. c5 Re1 44. Qxe1 Qb2+ 45. Rxb2 Rxb2+ 46. Ka1 Rb6+ 1/2-1/2

[Event "Wch-U16"]
[Site "Al-Ain UAE"]
[Date "2013.12.22"]
[Round "6.16"]
[White "Wang, Richard"]
[Black "Khodashenas, Mersad"]
[Result "1-0"]
[ECO "E14"]
[WhiteElo "2362"]
[BlackElo "2182"]
[PlyCount "127"]
[GameId "2129404786116637"]
[EventDate "2013.12.18"]
[EventType "swiss"]
[EventRounds "11"]
[EventCountry "UAE"]
[SourceTitle "10 Days #385"]
[Source "Chess Mix"]
[TimeControl "6000+835"]
[WhiteClock "0:23:03"]
[BlackClock "0:05:57"]

1. d4 Nf6 2. Nf3 e6 3. e3 b6 4. Bd3 Bb7 5. O-O d5 6. b3 Bd6 7. Bb2 O-O 8. c4 Nbd7 9. Nc3 Re8 10. Nb5 Bf8 11. Ne5 a6 12. Nc3 Nxe5 13. dxe5 Nd7 14. f4 Nc5 15. Bc2 dxc4 16. bxc4 Qxd1 17. Raxd1 Red8 18. Rd4 Bc6 19. Rfd1 Nb7 20. Ne4 Be7 21. g4 Na5 22. Bc3 Rxd4 23. Rxd4 Nb7 24. f5 g6 25. Nf6+ Kh8 26. fxe6 fxe6 27. g5 Kg7 28. Rh4 Rh8 29. Rh6 Nd8 30. Rh4 Nf7 31. Rg4 Rd8 32. h4 Bf3 33. Rf4 Bd1 34. Be4 Nh8 35. Bc6 Bc2 36. Bd7 Bxf6 37. exf6+ Kf7 38. Rd4 Kf8 39. Bxe6 Re8 40. Bd7 Rxe3 41. Bc6 Rd3 42. Bb4+ Kg8 43. Rf4 Nf7 44. Kf2 a5 45. Be7 Rd2+ 46. Ke3 Rd1 47. Rd4 h6 48. gxh6 Nxh6 49. Bd5+ Nf7 50. Rxd1 Bxd1 51. Kd4 Bg4 52. c5 Bd7 53. c6 Be8 54. Kc4 Kh7 55. Kb5 a4 56. Ka6 a3 57. Kb7 Ne5 58. Kxc7 Nxc6 59. Bxc6 Bf7 60. Bxa3 Bxa2 61. Be8 Kh6 62. f7 Bxf7 63. Bxf7 Kh5 64. Be7 1-0

[Event "Wch-U16"]
[Site "Al-Ain UAE"]
[Date "2013.12.23"]
[Round "7.5"]
[White "Girish, Koushik"]
[Black "Wang, Richard"]
[Result "1-0"]
[ECO "A37"]
[WhiteElo "2413"]
[BlackElo "2362"]
[PlyCount "152"]
[GameId "2129404786116658"]
[EventDate "2013.12.18"]
[EventType "swiss"]
[EventRounds "11"]
[EventCountry "UAE"]
[SourceTitle "10 Days #385"]
[Source "Chess Mix"]
[TimeControl "6000+725"]
[WhiteClock "0:04:26"]
[BlackClock "0:03:04"]

1. Nf3 c5 2. c4 Nc6 3. Nc3 e5 4. g3 g6 5. Bg2 Bg7 6. O-O Nge7 7. a3 O-O 8. Rb1 a5 9. Ne1 d6 10. Nc2 a4 11. Ne3 Nd4 12. d3 Ra7 13. Re1 Bd7 14. Ned5 h6 15. Nxe7+ Qxe7 16. e3 Nb3 17. Bd2 f5 18. Nd5 Qf7 19. Bc3 Kh7 20. Qc2 b5 21. Nb6 Be6 22. Rbd1 Rb8 23. Nd5 Rab7 24. Rf1 b4 25. Be1 Qd7 26. Kh1 Na5 27. d4 exd4 28. exd4 bxa3 29. bxa3 Rb2 30. Qc1 Qa7 31. dxc5 Qxc5 32. Bb4 Qa7 33. Bxd6 R8b3 34. c5 Rxa3 35. Rde1 Qf7 36. Nf4 Nb3 37. Qd1 Ra1 38. Qxa1 Nxa1 39. Nxe6 Nc2 40. Re2 a3 41. Nxg7 a2 42. Re7 Qxe7 43. Bxe7 a1=Q 44. Rxa1 Nxa1 45. Bd5 Kxg7 46. c6 Rc2 47. Bd6 Kf6 48. c7 Rc1+ 49. Kg2 g5 50. Kf3 Nc2 51. Ke2 Nb4 52. Bxb4 Rxc7 53. Kd3 Rc1 54. Bd2 Rd1 55. Ke2 Rb1 56. Bc3+ Kg6 57. h3 Rb8 58. Kd3 Re8 59. Bd4 Re1 60. Bf3 Rc1 61. Be3 Ra1 62. Kd4 Ra5 63. Kc4 Ra4+ 64. Kd5 Ra5+ 65. Ke6 Ra2 66. Bd5 Ra6+ 67. Ke7 Ra4 68. Bc6 Rb4 69. Ke6 Rb8 70. Ke5 Rd8 71. Bb5 Ra8 72. Bd7 Ra5+ 73. Ke6 Ra6+ 74. Ke7 Ra2 75. Be8+ Kh7 76. Bf7 f4 1-0

[Event "Wch-U16"]
[Site "Al-Ain UAE"]
[Date "2013.12.24"]
[Round "8.18"]
[White "Wang, Richard"]
[Black "Tutisani, Noe"]
[Result "1-0"]
[ECO "D94"]
[WhiteElo "2362"]
[BlackElo "2120"]
[PlyCount "47"]
[GameId "2129404786116691"]
[EventDate "2013.12.18"]
[EventType "swiss"]
[EventRounds "11"]
[EventCountry "UAE"]
[SourceTitle "10 Days #385"]
[Source "Chess Mix"]
[TimeControl "6000+1315"]
[WhiteClock "0:39:43"]
[BlackClock "0:28:24"]

1. d4 Nf6 2. Nf3 g6 3. c4 Bg7 4. e3 O-O 5. Nc3 d5 6. cxd5 Nxd5 7. Bc4 Nb6 8. Bb3 Nc6 9. O-O e5 10. d5 Na5 11. e4 c6 12. Be3 cxd5 13. Nxd5 Be6 14. Nxb6 Nxb3 15. Nxa8 Nxa1 16. Qxd8 Rxd8 17. Nc7 Nc2 18. Nxe6 fxe6 19. Bxa7 Ra8 20. Rc1 Nb4 21. Bb6 Nd3 22. Rc7 Rxa2 23. h4 Rxb2 24. Rc8+ 1-0

[Event "Wch-U16"]
[Site "Al-Ain UAE"]
[Date "2013.12.26"]
[Round "9.13"]
[White "Brown, Michael William"]
[Black "Wang, Richard"]
[Result "1/2-1/2"]
[ECO "D10"]
[WhiteElo "2272"]
[BlackElo "2362"]
[PlyCount "35"]
[GameId "2129404786124898"]
[EventDate "2013.12.18"]
[EventType "swiss"]
[EventRounds "11"]
[EventCountry "UAE"]
[SourceTitle "10 Days #385"]
[Source "Chess Mix"]
[TimeControl "6000+525"]
[WhiteClock "0:51:51"]
[BlackClock "1:24:30"]

1. d4 d5 2. c4 c6 3. Nc3 dxc4 4. e4 b5 5. a4 b4 6. Na2 Nf6 7. e5 Nd5 8. Bxc4 e6 9. Nf3 a5 10. Bg5 Qb6 11. O-O h6 12. Bh4 Ba6 13. b3 Ne7 14. Bxe7 Bxe7 15. Qe2 O-O 16. Rac1 Bxc4 17. Rxc4 Nd7 18. Nc1 1/2-1/2

[Event "Wch-U16"]
[Site "Al-Ain UAE"]
[Date "2013.12.28"]
[Round "11.9"]
[White "Mosadeghpour, Masoud"]
[Black "Wang, Richard"]
[Result "1/2-1/2"]
[ECO "B21"]
[WhiteElo "2230"]
[BlackElo "2362"]
[PlyCount "114"]
[GameId "2129404786124927"]
[EventDate "2013.12.18"]
[EventType "swiss"]
[EventRounds "11"]
[EventCountry "UAE"]
[SourceTitle "10 Days #385"]
[Source "Chess Mix"]
[TimeControl "6000+1275"]
[WhiteClock "0:01:05"]
[BlackClock "0:01:15"]

1. e4 c5 2. d4 cxd4 3. c3 dxc3 4. Nxc3 Nc6 5. Nf3 d6 6. Bc4 a6 7. O-O Nf6 8. Bf4 Bg4 9. h3 Bxf3 10. Qxf3 e6 11. Rfd1 Qa5 12. Qe2 Ne5 13. Bd2 Qc7 14. Bb3 Be7 15. Rac1 Qb8 16. Be3 Nc6 17. Na4 Nd7 18. Nb6 Nxb6 19. Bxb6 O-O 20. Ba4 Rc8 21. Qd2 Bf6 22. Rc2 h6 23. a3 Ne5 24. Rdc1 Rxc2 25. Rxc2 Bd8 26. Qd4 Bxb6 27. Qxb6 d5 28. exd5 exd5 29. Bb3 Qd8 30. Qxb7 d4 31. Qe4 Rb8 32. Bd5 Qf6 33. f4 d3 34. Rf2 Ng6 35. Qxd3 Nxf4 36. Qe4 g5 37. Kh2 Rd8 38. Ba2 Qb6 39. Rc2 Qd6 40. g3 Ne6 41. Rf2 Rd7 42. b4 Qd4 43. Qf5 Qe3 44. a4 Qe1 45. Kg2 Qxb4 46. Bxe6 Qb7+ 47. Kh2 fxe6 48. Qg6+ Rg7 49. Qxh6 Qe4 50. Rd2 Qe3 51. Rc2 Qe5 52. Qh5 Kf8 53. Rc8+ Ke7 54. Qe8+ Kf6 55. Rc2 Qf5 56. Rd2 Rh7 57. Qf8+ Kg6 1/2-1/2

[Event "CAN-ch"]
[Site "Guelph CAN"]
[Date "2015.07.11"]
[Round "2.10"]
[White "Wang, Richard"]
[Black "Buscar, Michael"]
[Result "0-1"]
[ECO "A41"]
[WhiteElo "2426"]
[BlackElo "2245"]
[PlyCount "120"]
[GameId "2160767738660391"]
[EventDate "2015.07.10"]
[EventType "swiss"]
[EventRounds "9"]
[EventCountry "CAN"]
[TimeControl "40/5400+30:1800+30"]

1. d4 c6 2. Nf3 d6 3. c4 Bg4 4. Nc3 Nd7 5. h3 Bh5 6. g4 Bg6 7. Nh4 e5 8. Nxg6 hxg6 9. Bg2 Be7 10. O-O Qc7 11. d5 Nb6 12. b3 Nf6 13. Ba3 cxd5 14. Nxd5 Nfxd5 15. cxd5 Rc8 16. e3 Qc2 17. Qe1 Qc3 18. f4 Qxe1 19. Rfxe1 Nd7 20. g5 O-O 21. h4 f5 22. gxf6 gxf6 23. f5 g5 24. hxg5 fxg5 25. Rac1 Nf6 26. Kf2 Kf7 27. Rh1 Kg7 28. e4 Nd7 29. Ke2 Nb6 30. Kd3 Rxc1 31. Rxc1 Rc8 32. Rf1 Nd7 33. Rh1 Nf6 34. Bf3 Rh8 35. Rg1 Rh3 36. Ke2 Rh2+ 37. Ke3 Rh3 38. Ke2 Rh2+ 39. Kd1 Rf2 40. Rxg5+ Kf8 41. Rg3 Rxa2 42. Bc1 Rh2 43. Be3 a6 44. Bd2 Rh4 45. Bg5 Rh2 46. Ke1 Kf7 47. Kf1 b5 48. Bxf6 Bxf6 49. Bg2 b4 50. Rd3 Rh8 51. Rd1 a5 52. Ra1 Ra8 53. Bf3 Bd8 54. Bh5+ Kf6 55. Be8 Bb6 56. Bc6 Rg8 57. Ke2 Rg3 58. Rh1 Kg7 59. Rh4 Rxb3 60. Rg4+ Kf7 0-1

[Event "CAN-ch"]
[Site "Guelph CAN"]
[Date "2015.07.11"]
[Round "3.14"]
[White "Surya, Benito"]
[Black "Wang, Richard"]
[Result "0-1"]
[ECO "B20"]
[WhiteElo "1938"]
[BlackElo "2426"]
[PlyCount "82"]
[GameId "2160767738660404"]
[EventDate "2015.07.10"]
[EventType "swiss"]
[EventRounds "9"]
[EventCountry "CAN"]
[TimeControl "40/5400+30:1800+30"]

1. e4 c5 2. Ne2 g6 3. g3 Bg7 4. Bg2 Nc6 5. O-O e6 6. c3 Nge7 7. d4 cxd4 8. cxd4 d5 9. exd5 Nxd5 10. Nbc3 Nce7 11. Qb3 O-O 12. Rd1 b6 13. Nxd5 Nxd5 14. Nc3 Bb7 15. Nxd5 Bxd5 16. Bxd5 exd5 17. Be3 Qd7 18. Rac1 Rac8 19. Rc3 Rxc3 20. bxc3 Rc8 21. Kg2 h5 22. h4 Rc4 23. Rc1 Bf8 24. Qb2 b5 25. Rd1 a6 26. Rd3 Qc8 27. Bd2 Ra4 28. Be1 Bh6 29. f4 Bg7 30. Re3 Qc4 31. Re2 f5 32. Rd2 Qc6 33. Re2 Bf6 34. Kf2 Rc4 35. Kg2 b4 36. cxb4 Bxd4 37. Qb3 Bc3 38. Bxc3 Rxc3 39. Qd1 d4+ 40. Kh2 d3 41. Re3 Rc2+ 0-1

[Event "CAN-ch"]
[Site "Guelph CAN"]
[Date "2015.07.12"]
[Round "4.9"]
[White "Wang, Richard"]
[Black "Wan, Kevin"]
[Result "1-0"]
[ECO "E14"]
[WhiteElo "2426"]
[BlackElo "2302"]
[PlyCount "55"]
[GameId "2160767738660413"]
[EventDate "2015.07.10"]
[EventType "swiss"]
[EventRounds "9"]
[EventCountry "CAN"]
[TimeControl "40/5400+30:1800+30"]

1. d4 Nf6 2. Nf3 e6 3. e3 b6 4. Bd3 Bb7 5. O-O d5 6. b3 Bd6 7. Bb2 O-O 8. c4 c5 9. cxd5 Nxd5 10. Nbd2 cxd4 11. Nxd4 Nd7 12. Qh5 N5f6 13. Qh3 Ne5 14. Bc2 Rc8 15. f4 Ng6 16. Nc4 Ba6 17. Bxg6 Bxc4 18. Bxf7+ Rxf7 19. bxc4 Rxc4 20. Qxe6 Rc8 21. Nf5 Rc6 22. Rfd1 Ne8 23. Ba3 Qd7 24. Qxd7 Rxd7 25. Nxd6 Nxd6 26. Rd3 Kf7 27. Rad1 Ke6 28. f5+ 1-0

[Event "CAN-ch"]
[Site "Guelph CAN"]
[Date "2015.07.13"]
[Round "6.7"]
[White "Wang, Richard"]
[Black "Humphreys, Michael"]
[Result "1-0"]
[ECO "D40"]
[WhiteElo "2426"]
[BlackElo "2348"]
[PlyCount "79"]
[GameId "2160767738660434"]
[EventDate "2015.07.10"]
[EventType "swiss"]
[EventRounds "9"]
[EventCountry "CAN"]
[TimeControl "40/5400+30:1800+30"]

1. d4 e6 2. Nf3 c5 3. e3 Nf6 4. Bd3 Be7 5. O-O O-O 6. c4 d5 7. Nc3 cxd4 8. exd4 dxc4 9. Bxc4 Nc6 10. a3 b6 11. Bg5 Bb7 12. Qd3 Rc8 13. Ba2 Nd5 14. h4 Nxc3 15. bxc3 Bf6 16. Rfe1 Na5 17. Bxf6 Qxf6 18. Ng5 g6 19. Re5 Nc6 20. Re2 Ne7 21. g3 Nd5 22. c4 Ne7 23. Rae1 Nf5 24. Re5 Rfd8 25. d5 Ba6 26. Qf3 exd5 27. g4 Bxc4 28. Bxc4 Rxc4 29. gxf5 Rxh4 30. fxg6 Qxg6 31. Qg3 Rh5 32. Re8+ Rxe8 33. Rxe8+ Kg7 34. f4 f6 35. Re7+ Kg8 36. Qc3 Qb1+ 37. Re1 Qf5 38. Re8+ Kg7 39. Qc7+ Kh6 40. Nf7+ 1-0

[Event "CAN-ch"]
[Site "Guelph CAN"]
[Date "2015.07.14"]
[Round "7.5"]
[White "Peredun, Andrew"]
[Black "Wang, Richard"]
[Result "1-0"]
[ECO "D17"]
[WhiteElo "2406"]
[BlackElo "2426"]
[PlyCount "85"]
[GameId "2160767738660445"]
[EventDate "2015.07.10"]
[EventType "swiss"]
[EventRounds "9"]
[EventCountry "CAN"]
[TimeControl "40/5400+30:1800+30"]

1. d4 d5 2. c4 c6 3. Nf3 Nf6 4. Nc3 dxc4 5. a4 Bf5 6. Ne5 Nbd7 7. Nxc4 Qc7 8. g3 e5 9. dxe5 Nxe5 10. Bf4 Nfd7 11. Bg2 f6 12. O-O g5 13. Nxe5 gxf4 14. Nxd7 Qxd7 15. Qxd7+ Kxd7 16. gxf4 Bb4 17. Ne4 Ke7 18. a5 Bxe4 19. Bxe4 a6 20. Kg2 Rad8 21. Ra4 Rd4 22. Kf3 Bc5 23. Rxd4 Bxd4 24. Rd1 Bc5 25. Rd3 Bd6 26. Rb3 Rb8 27. Bxh7 Bc7 28. Be4 Kd7 29. h4 Rh8 30. Bf5+ Kd6 31. Rxb7 Rxh4 32. b4 Rh8 33. e4 Rb8 34. e5+ fxe5 35. fxe5+ Kxe5 36. Rxc7 Kxf5 37. Rxc6 Rxb4 38. Rxa6 Rb3+ 39. Kg2 Ra3 40. Ra8 Ke5 41. a6 Kd6 42. a7 Kc7 43. Rh8 1-0

[Event "CAN-ch"]
[Site "Guelph CAN"]
[Date "2015.07.15"]
[Round "8.6"]
[White "Wang, Richard"]
[Black "Yam, Alex"]
[Result "1-0"]
[ECO "D40"]
[WhiteElo "2426"]
[BlackElo "2384"]
[PlyCount "73"]
[GameId "2160767738660454"]
[EventDate "2015.07.10"]
[EventType "swiss"]
[EventRounds "9"]
[EventCountry "CAN"]
[TimeControl "40/5400+30:1800+30"]

1. d4 Nf6 2. Nf3 c5 3. e3 e6 4. Bd3 d5 5. O-O Bd6 6. c4 Nc6 7. Nc3 O-O 8. a3 b6 9. b3 Bb7 10. cxd5 exd5 11. Ne2 Re8 12. Bb2 Rc8 13. Ng3 g6 14. Qe2 Ng4 15. Rad1 Na5 16. Bb5 Re6 17. dxc5 bxc5 18. b4 a6 19. Bd3 c4 20. bxa5 cxd3 21. Qxd3 Rc4 22. Rc1 Qxa5 23. Rxc4 dxc4 24. Qxc4 Bxf3 25. gxf3 Ne5 26. Qc8+ Bf8 27. Rd1 Nxf3+ 28. Kg2 Ne1+ 29. Kh1 Qb6 30. Qc3 Qb7+ 31. e4 f6 32. Rxe1 Rc6 33. Qd4 Bc5 34. Qd8+ Kg7 35. Nh5+ Kh6 36. Bc1+ g5 37. Nxf6 1-0

[Event "Calgary int."]
[Site "Calgary CAN"]
[Date "2013.05.20"]
[Round "9"]
[White "So, Wesley"]
[Black "Wang, Richard"]
[Result "1-0"]
[Annotator ",VLAD"]
[ECO "B78"]
[WhiteElo "2705"]
[BlackElo "2365"]
[PlyCount "73"]
[GameId "2160767738237751"]
[EventDate "2013.05.14"]
[EventType "swiss"]
[EventRounds "9"]
[EventCountry "CAN"]
[TimeControl "5400"]

1. e4 c5 2. Nf3 d6 3. d4 cxd4 4. Nxd4 Nf6 5. Nc3 g6 6. Be3 Bg7 7. f3 Nc6 8. Qd2 O-O 9. Bc4 Bd7 10. O-O-O Rc8 11. Bb3 Nxd4 12. Bxd4 b5 13. Bxa7 Qa5 14. Bd4 Be6 15. Nd5 Qxd2+ 16. Kxd2 Bxd5 17. exd5 Ne4+ 18. Ke3 Nc5 19. Bxg7 Kxg7 20. c3 Nxb3 21. axb3 Ra8 22. Ra1 Rfc8 23. b4 Kf6 24. f4 e6 25. dxe6 Kxe6 26. Ra5 Rab8 27. Ra7 h5 28. Re1 Ra8 29. Rb7 Rcb8 30. Kd4+ Kf6 31. Rd7 Rd8 32. Rxd8 Rxd8 33. Kd5 Kf5 34. Kc6 f6 35. Kxb5 Kxf4 36. Kc6 d5 37. Kc7 1-0